 Dungeon Crawl Stone Soup version 0.18.1-48-g4cf74bf (webtiles) character file.

50 Gargoyl the Skirmisher (level 3, 0/29 HPs)
             Began as a Demonspawn Abyssal Knight on July 21, 2016.
             Was a Follower of Lugonu.
             Slain by a giant gecko (1 damage)
             ... on level 3 of the Dungeon.
             The game lasted 00:03:27 (1506 turns).

Gargoyl the Skirmisher (Demonspawn Abyssal Knight)  Turns: 1506, Time: 00:03:27

Health: 0/29       AC: 11    Str: 13    XL:     3   Next: 55%
Magic:  5/5        EV:  9    Int: 13    God:    Lugonu [*.....]
Gold:   107        SH:  0    Dex: 12    Spells: 0 memorised, 2 levels left

rFire  . . .     SeeInvis .     a - +1 hand axe
rCold  . . .     Gourm    .     f - +0 scale mail
rNeg   . . .     Faith    .     (no shield)
rPois  +         Spirit   .     (no helmet)
rElec  .         Dismiss  .     (no cloak)
rCorr  .         Reflect  .     (no gloves)
SustAt .         Harm     .     (no boots)
MR     .....                    (no amulet)
Stlth  ..........               e - +5 ring of protection
                                h - ring of poison resistance

@: not resistant to hostile enchantments, extremely unstealthy
A: claws 1, hooves 1
a: Depart the Abyss, Renounce Religion


You were on level 3 of the Dungeon.
You worshipped Lugonu.
Lugonu was aware of your devotion.
You were not hungry.

You visited 1 branch of the dungeon, and saw 3 of its levels.
You visited the Abyss 1 time.

You collected 107 gold pieces.

Inventory:

Hand Weapons
 a - a +1 hand axe (weapon)
Armour
 f - a +0 scale mail (worn)
Jewellery
 e - a +5 ring of protection (right claw)
 h - a ring of poison resistance (left claw)
Scrolls
 i - a scroll of remove curse
Comestibles
 c - a bread ration
 j - a chunk of flesh


   Skills:
 + Level 3.5 Fighting
 + Level 2.1 Axes
 + Level 2.1 Armour
 + Level 1.6 Dodging
 + Level 0.2 Stealth
 + Level 2.7 Invocations


You had 2 spell levels left.
You didn't know any spells.

Dungeon Overview and Level Annotations

Branches:
Dungeon (3/15)

Altars:
Pakellas

Annotations:
D:2 Sigmund
D:3 Gargoyl's ghost, amateur DsAK


Innate Abilities, Weirdness & Mutations

You have sharp fingernails.
You have large cloven feet.


Message History

Read which item? (? for menu, Esc to quit)
Okay, then.
You barely miss the giant gecko. Your kick misses the giant gecko.
You closely miss Gargoyl's ghost. The giant gecko misses you.
Gargoyl's ghost hits you.
* * * LOW HITPOINT WARNING * * *
The giant gecko bites you but does no damage.
Unknown command.
You hit the giant gecko.
You kick the giant gecko, but do no damage.
The giant gecko is moderately wounded.
You closely miss Gargoyl's ghost.
Gargoyl's ghost hits you but does no damage.
The giant gecko bites you but does no damage.
Unknown command.
You hit the giant gecko.
The giant gecko is almost dead.
You hit Gargoyl's ghost but do no damage.
The giant gecko bites you.
You die...

#'# ##.#### #.....
########..###
#...........#
#.#####.....# # #.#
##....##.# #.####W#
#.......## #..Kl@.#
##........ ########
#....#### #.#### #.# #.#
#.# ######### #.#
######.. ...# #=#
#......#####.###.#######


You could see Gargoyl's ghost, a giant gecko and a kobold.

Vanquished Creatures
  An adder (D:2)
  An ooze (D:3)
  3 giant geckos
  A ball python (D:2)
  3 bats (D:1)
  3 giant cockroaches
  3 goblins
  6 hobgoblins
  2 quokkas
  3 giant newts
  3 kobolds (D:1)
  3 rats
32 creatures vanquished.

Notes
Turn   | Place    | Note
--------------------------------------------------------------
     0 | Abyss:1  | Gargoyl the Demonspawn Abyssal Knight began the quest for the Orb.
     0 | Abyss:1  | Reached XP level 1. HP: 18/18 MP: 2/2
    65 | Abyss:1  | Noticed a worldbinder
    67 | Abyss:1  | Noticed a wraith
    67 | Abyss:1  | Noticed a siren
    68 | Abyss:1  | Noticed a merfolk
    68 | Abyss:1  | Noticed a merfolk
    74 | D:1      | Escaped the Abyss
   214 | D:1      | Reached * piety under Lugonu
   214 | D:1      | Gained mutation: You have large cloven feet. [demonic ancestry]
   214 | D:1      | Reached XP level 2. HP: 24/24 MP: 3/3
   252 | D:1      | Reached skill level 1 in Dodging
  1009 | D:2      | Gained mutation: You have sharp fingernails. [demonic ancestry]
  1009 | D:2      | Reached XP level 3. HP: 26/29 MP: 5/5
  1029 | D:2      | Noticed Sigmund
  1041 | D:3      | Found an oddly glowing altar of Pakellas.
  1381 | D:3      | Noticed Gargoyl's ghost (amateur DsAK)
  1504 | D:3      | HP: 1/29 [Gargoyl's ghost (5)]
  1506 | D:3      | Slain by a giant gecko

Skill      XL: |  1  2 |
---------------+-------+-----
Axes           | 2 |  2.1
Dodging        | 1 |  1.6
Armour         | 2 |  2.1
Fighting       | |  3.5
Stealth        | |  0.2
Invocations    | |  2.7

Action                   || total
-------------------------++-------
Melee: Hand axe          ||   104
       Kick              ||    20
Invok: Depart the Abyss  ||     1
  Use: Scroll            ||     4
       Potion            ||     1
 Stab: Sleeping          ||     1
  Eat: Chunk             ||     2
Armor: Leather armour    ||    26
       Scale mail        ||    16
Dodge: Dodged            ||    63
